 Dungeon Crawl Stone Soup version 0.25.1-2-g60ff931df9 (webtiles) character file.

Game seed: 11726827946619983537

16 Joresh2 the Magician (level 2, 0/23 HPs)
             Began as a Gnoll Wanderer on Aug 31, 2020.
             Slain by a leopard gecko (3 damage)
             ... on level 2 of the Dungeon.
             The game lasted 00:03:58 (1142 turns).

Joresh2 the Magician (Gnoll Wanderer)               Turns: 1142, Time: 00:03:59

Health: 0/23       AC: 10    Str: 11    XL:     2   Next: 58%
Magic:  10/10      EV:  8    Int: 16    God:
Gold:   23         SH:  0    Dex: 15    Spells: 15/15 levels left

rFire    . . .     SeeInvis .   a - +0 dagger
rCold    . . .     Gourm    .   (no shield)
rNeg     . . .     Faith    .   d - +2 scale mail
rPois    .         Spirit   .   (no helmet)
rElec    .         Reflect  .   (no cloak)
rCorr    .         Harm     .   c - +0 pair of gloves
MR       .....                  (no boots)
Stlth    ..........             (no amulet)
HPRegen  0.07/turn              h - -4 ring of slaying (curse)
MPRegen  0.12/turn              (no ring)

@: no status effects
A: distributed training, fangs 1, strong nose
a: no special abilities


You were on level 2 of the Dungeon.
You were not hungry.

You visited 1 branch of the dungeon, and saw 2 of its levels.

You collected 23 gold pieces.

Inventory:

Hand Weapons
 a - a +0 dagger (weapon)
Missiles
 i - 12 poisoned darts (quivered)
Armour
 c - a +0 pair of gloves (worn)
 d - a +2 scale mail (worn)
Jewellery
 h - a cursed -4 ring of slaying (left hand)
Scrolls
 b - 2 scrolls of identify
Potions
 e - a potion of heal wounds
 g - a potion of magic
Comestibles
 f - 3 rations


   Skills:
 + Level 2.5 Fighting
 + Level 0.4 Short Blades
 + Level 0.4 Long Blades
 + Level 0.4 Axes
 + Level 0.4 Maces & Flails
 + Level 0.4 Polearms
 + Level 0.4 Staves
 + Level 0.4 Slings
 + Level 0.4 Bows
 + Level 0.4 Crossbows
 + Level 2.5 Throwing
 + Level 4.5 Armour
 + Level 0.4 Dodging
 + Level 0.4 Stealth
 + Level 2.5 Shields
 + Level 0.4 Unarmed Combat
 + Level 7.1 Spellcasting
 + Level 0.2 Conjurations
 + Level 0.2 Hexes
 + Level 0.2 Charms
 + Level 0.2 Summonings
 + Level 0.2 Necromancy
 + Level 3.7 Translocations
 + Level 0.2 Transmutations
 + Level 0.2 Fire Magic
 + Level 0.2 Ice Magic
 + Level 0.2 Air Magic
 + Level 0.2 Earth Magic
 + Level 0.2 Poison Magic
 + Level 0.5 Invocations
 + Level 0.4 Evocations


You had 15 spell levels left.
You didn't know any spells.
Your spell library contained the following spells:

 Spells                   Type           Power        Failure   Level  Hunger
 Corpse Rot               Necr/Air       N/A          65%         2    None
 Poisonous Vapours        Pois/Air       #.....       65%         2    None
 Sublimation of Blood     Necr           #.........   65%         2    None
 Swiftness                Chrm/Air       #.......     65%         2    None


Dungeon Overview and Level Annotations

Branches:
Dungeon (2/15)

Altars:


Innate Abilities, Weirdness & Mutations

Your experience applies equally to all skills.
You have very sharp teeth.
Your uncanny sense of smell can sniff out nearby items.


Message History

The leopard gecko completely misses you.
You miss the leopard gecko.
The leopard gecko is severely wounded.
The leopard gecko bites you but does no damage.
Your scale mail prevents you from hitting the leopard gecko.
The leopard gecko is severely wounded.
The leopard gecko closely misses you.
You hit the leopard gecko but do no damage.
The leopard gecko is severely wounded.
The leopard gecko bites you but does no damage.
You miss the leopard gecko.
The leopard gecko is severely wounded.
The leopard gecko closely misses you.
You completely miss the leopard gecko.
The leopard gecko is severely wounded.
The leopard gecko bites you but does no damage. x2
You closely miss the leopard gecko.
The leopard gecko is severely wounded.
The leopard gecko bites you.
You die...

####.#....# ∆
....#....#
#........#
#........#
+........+ ∆#.
#........#
#...#.......%#
#.....<..@l..#
#.!.#............
## #####+##.....
.... ... ∆ .. ∆ .
∆


You could see a leopard gecko.

Vanquished Creatures
  A leopard gecko (D:1)
  5 bats (D:1)
  3 giant cockroaches (D:1)
  A goblin (D:1)
  A hobgoblin (D:1)
  A kobold (D:1)
  2 rats (D:1)
14 creatures vanquished.

Notes
Turn   | Place    | Note
-------+----------+-------------------------------------------
     0 | D:1      | Joresh2 the Gnoll Wanderer began the quest for the Orb.
     0 | D:1      | Joresh2 set off with the following items: a +0 dagger, a +2
                  | scale mail, a ration; and the following spells available to
                  | memorise: Corpse Rot, Poisonous Vapours, Sublimation of
                  | Blood, Swiftness
     0 | D:1      | Reached XP level 1. HP: 17/17 MP: 8/8
   260 | D:1      | Reached XP level 2. HP: 23/23 MP: 10/10
  1142 | D:2      | Slain by a leopard gecko

Illustrated notes

Levels and vault maps discovered:
D:1:      scummos_arrival_hexagon, layout_loops_cross, serial_forest,
          infiniplex_forest_end_3, infiniplex_forest_lined_ring,
          infiniplex_forest_lined_4_way, infiniplex_forest_lined_corner,
          infiniplex_forest_end_2, infiniplex_forest_zigzag_1,
          infiniplex_forest_end_2, infiniplex_forest_lined_3
D:2:      layout_basic, serial_bayou_pond_c, uniq_natasha, uniq_robin,
          uniq_sigmund

Action                   || total
-------------------------++-------
Melee: Dagger            ||   114
       Bite              ||     8
  Use: Scroll            ||     2
  Eat: Chunk             ||     1
Armor: Scale mail        ||    76
Dodge: Dodged            ||    55
